%YAML 1.1
%TAG !u! tag:unity3d.com,2011:
--- !u!1 &19389303171958164
GameObject:
  m_ObjectHideFlags: 0
  m_CorrespondingSourceObject: {fileID: 0}
  m_PrefabInstance: {fileID: 0}
  m_PrefabAsset: {fileID: 0}
  serializedVersion: 6
  m_Component:
  - component: {fileID: 3900042163149813639}
  - component: {fileID: 5892142783300754779}
  - component: {fileID: 8106324397151360445}
  - component: {fileID: 7659365502223985779}
  m_Layer: 8
  m_Name: Indian
  m_TagString: Untagged
  m_Icon: {fileID: 0}
  m_NavMeshLayer: 0
  m_StaticEditorFlags: 0
  m_IsActive: 1
--- !u!4 &3900042163149813639
Transform:
  m_ObjectHideFlags: 0
  m_CorrespondingSourceObject: {fileID: 0}
  m_PrefabInstance: {fileID: 0}
  m_PrefabAsset: {fileID: 0}
  m_GameObject: {fileID: 19389303171958164}
  m_LocalRotation: {x: 0, y: 0, z: 0, w: 1}
  m_LocalPosition: {x: 0, y: 0, z: 0}
  m_LocalScale: {x: 1.55, y: 1.55, z: 1.55}
  m_ConstrainProportionsScale: 0
  m_Children:
  - {fileID: 5960652307399598871}
  - {fileID: 1836724920922469256}
  m_Father: {fileID: 0}
  m_RootOrder: 0
  m_LocalEulerAnglesHint: {x: 0, y: 0, z: 0}
--- !u!65 &5892142783300754779
BoxCollider:
  m_ObjectHideFlags: 0
  m_CorrespondingSourceObject: {fileID: 0}
  m_PrefabInstance: {fileID: 0}
  m_PrefabAsset: {fileID: 0}
  m_GameObject: {fileID: 19389303171958164}
  m_Material: {fileID: 0}
  m_IsTrigger: 1
  m_Enabled: 1
  serializedVersion: 2
  m_Size: {x: 0.8, y: 2, z: 0.8}
  m_Center: {x: 0, y: 1, z: 0}
--- !u!114 &8106324397151360445
MonoBehaviour:
  m_ObjectHideFlags: 0
  m_CorrespondingSourceObject: {fileID: 0}
  m_PrefabInstance: {fileID: 0}
  m_PrefabAsset: {fileID: 0}
  m_GameObject: {fileID: 19389303171958164}
  m_Enabled: 1
  m_EditorHideFlags: 0
  m_Script: {fileID: 11500000, guid: f106856823f42fc4ebee584045cccc25, type: 3}
  m_Name: 
  m_EditorClassIdentifier: 
  Weapon: {fileID: 429245559141747009}
  Animator: {fileID: 8057295139655215879}
  ReloadAnimationLength: 1
  _rightPalm: {fileID: 4939860578546263156}
--- !u!114 &7659365502223985779
MonoBehaviour:
  m_ObjectHideFlags: 0
  m_CorrespondingSourceObject: {fileID: 0}
  m_PrefabInstance: {fileID: 0}
  m_PrefabAsset: {fileID: 0}
  m_GameObject: {fileID: 19389303171958164}
  m_Enabled: 1
  m_EditorHideFlags: 0
  m_Script: {fileID: 11500000, guid: aedd16e9549f447c8deb44059966bf79, type: 3}
  m_Name: 
  m_EditorClassIdentifier: 
  _accuracy: 0.95
  _dexterity: 0.1
  _maxHealth: 100
  _maxArmor: 150
  _aimTime: 4
--- !u!1001 &1712152359237568525
PrefabInstance:
  m_ObjectHideFlags: 0
  serializedVersion: 2
  m_Modification:
    m_TransformParent: {fileID: 3900042163149813639}
    m_Modifications:
    - target: {fileID: -9217817218132447574, guid: 5512e812edbdbfa4d9735e449bc3db1f, type: 3}
      propertyPath: m_Layer
      value: 8
      objectReference: {fileID: 0}
    - target: {fileID: -9062476720484858585, guid: 5512e812edbdbfa4d9735e449bc3db1f, type: 3}
      propertyPath: m_Layer
      value: 8
      objectReference: {fileID: 0}
    - target: {fileID: -8542655298583481684, guid: 5512e812edbdbfa4d9735e449bc3db1f, type: 3}
      propertyPath: m_Layer
      value: 8
      objectReference: {fileID: 0}
    - target: {fileID: -7943378556525867576, guid: 5512e812edbdbfa4d9735e449bc3db1f, type: 3}
      propertyPath: m_Layer
      value: 8
      objectReference: {fileID: 0}
    - target: {fileID: -7092056684981714454, guid: 5512e812edbdbfa4d9735e449bc3db1f, type: 3}
      propertyPath: m_Layer
      value: 8
      objectReference: {fileID: 0}
    - target: {fileID: -6507621502745489020, guid: 5512e812edbdbfa4d9735e449bc3db1f, type: 3}
      propertyPath: m_Layer
      value: 8
      objectReference: {fileID: 0}
    - target: {fileID: -4964426168678133720, guid: 5512e812edbdbfa4d9735e449bc3db1f, type: 3}
      propertyPath: m_Layer
      value: 8
      objectReference: {fileID: 0}
    - target: {fileID: -4607699284664234186, guid: 5512e812edbdbfa4d9735e449bc3db1f, type: 3}
      propertyPath: m_Layer
      value: 8
      objectReference: {fileID: 0}
    - target: {fileID: -4216859302048453862, guid: 5512e812edbdbfa4d9735e449bc3db1f, type: 3}
      propertyPath: m_RootOrder
      value: 0
      objectReference: {fileID: 0}
    - target: {fileID: -4216859302048453862, guid: 5512e812edbdbfa4d9735e449bc3db1f, type: 3}
      propertyPath: m_LocalPosition.x
      value: 0
      objectReference: {fileID: 0}
    - target: {fileID: -4216859302048453862, guid: 5512e812edbdbfa4d9735e449bc3db1f, type: 3}
      propertyPath: m_LocalPosition.y
      value: 0
      objectReference: {fileID: 0}
    - target: {fileID: -4216859302048453862, guid: 5512e812edbdbfa4d9735e449bc3db1f, type: 3}
      propertyPath: m_LocalPosition.z
      value: 0
      objectReference: {fileID: 0}
    - target: {fileID: -4216859302048453862, guid: 5512e812edbdbfa4d9735e449bc3db1f, type: 3}
      propertyPath: m_LocalRotation.w
      value: 1
      objectReference: {fileID: 0}
    - target: {fileID: -4216859302048453862, guid: 5512e812edbdbfa4d9735e449bc3db1f, type: 3}
      propertyPath: m_LocalRotation.x
      value: 0
      objectReference: {fileID: 0}
    - target: {fileID: -4216859302048453862, guid: 5512e812edbdbfa4d9735e449bc3db1f, type: 3}
      propertyPath: m_LocalRotation.y
      value: 0
      objectReference: {fileID: 0}
    - target: {fileID: -4216859302048453862, guid: 5512e812edbdbfa4d9735e449bc3db1f, type: 3}
      propertyPath: m_LocalRotation.z
      value: 0
      objectReference: {fileID: 0}
    - target: {fileID: -4216859302048453862, guid: 5512e812edbdbfa4d9735e449bc3db1f, type: 3}
      propertyPath: m_LocalEulerAnglesHint.x
      value: 0
      objectReference: {fileID: 0}
    - target: {fileID: -4216859302048453862, guid: 5512e812edbdbfa4d9735e449bc3db1f, type: 3}
      propertyPath: m_LocalEulerAnglesHint.y
      value: 0
      objectReference: {fileID: 0}
    - target: {fileID: -4216859302048453862, guid: 5512e812edbdbfa4d9735e449bc3db1f, type: 3}
      propertyPath: m_LocalEulerAnglesHint.z
      value: 0
      objectReference: {fileID: 0}
    - target: {fileID: -2520816418532539725, guid: 5512e812edbdbfa4d9735e449bc3db1f, type: 3}
      propertyPath: m_Layer
      value: 8
      objectReference: {fileID: 0}
    - target: {fileID: -2445193559103534071, guid: 5512e812edbdbfa4d9735e449bc3db1f, type: 3}
      propertyPath: m_Layer
      value: 8
      objectReference: {fileID: 0}
    - target: {fileID: -927199367670048503, guid: 5512e812edbdbfa4d9735e449bc3db1f, type: 3}
      propertyPath: m_Name
      value: mesh
      objectReference: {fileID: 0}
    - target: {fileID: -927199367670048503, guid: 5512e812edbdbfa4d9735e449bc3db1f, type: 3}
      propertyPath: m_Layer
      value: 8
      objectReference: {fileID: 0}
    - target: {fileID: -819139046232449951, guid: 5512e812edbdbfa4d9735e449bc3db1f, type: 3}
      propertyPath: m_Layer
      value: 8
      objectReference: {fileID: 0}
    - target: {fileID: 1469801645841112590, guid: 5512e812edbdbfa4d9735e449bc3db1f, type: 3}
      propertyPath: m_LocalScale.x
      value: 1
      objectReference: {fileID: 0}
    - target: {fileID: 1469801645841112590, guid: 5512e812edbdbfa4d9735e449bc3db1f, type: 3}
      propertyPath: m_LocalScale.y
      value: 1
      objectReference: {fileID: 0}
    - target: {fileID: 1469801645841112590, guid: 5512e812edbdbfa4d9735e449bc3db1f, type: 3}
      propertyPath: m_LocalScale.z
      value: 1
      objectReference: {fileID: 0}
    - target: {fileID: 1469801645841112590, guid: 5512e812edbdbfa4d9735e449bc3db1f, type: 3}
      propertyPath: m_LocalRotation.w
      value: 1
      objectReference: {fileID: 0}
    - target: {fileID: 1469801645841112590, guid: 5512e812edbdbfa4d9735e449bc3db1f, type: 3}
      propertyPath: m_LocalRotation.x
      value: 0
      objectReference: {fileID: 0}
    - target: {fileID: 1469801645841112590, guid: 5512e812edbdbfa4d9735e449bc3db1f, type: 3}
      propertyPath: m_LocalRotation.z
      value: 0
      objectReference: {fileID: 0}
    - target: {fileID: 1881797528090517389, guid: 5512e812edbdbfa4d9735e449bc3db1f, type: 3}
      propertyPath: m_Layer
      value: 8
      objectReference: {fileID: 0}
    - target: {fileID: 2329505420794184642, guid: 5512e812edbdbfa4d9735e449bc3db1f, type: 3}
      propertyPath: m_Layer
      value: 8
      objectReference: {fileID: 0}
    - target: {fileID: 2440268447527424636, guid: 5512e812edbdbfa4d9735e449bc3db1f, type: 3}
      propertyPath: m_Layer
      value: 8
      objectReference: {fileID: 0}
    - target: {fileID: 2606534178576359175, guid: 5512e812edbdbfa4d9735e449bc3db1f, type: 3}
      propertyPath: m_Materials.Array.data[0]
      value: 
      objectReference: {fileID: 2100000, guid: d3e356b4d1a18d441b8a4d2a01794bba, type: 2}
    - target: {fileID: 2681956757778336384, guid: 5512e812edbdbfa4d9735e449bc3db1f, type: 3}
      propertyPath: m_Layer
      value: 8
      objectReference: {fileID: 0}
    - target: {fileID: 3772551937752447412, guid: 5512e812edbdbfa4d9735e449bc3db1f, type: 3}
      propertyPath: m_Layer
      value: 8
      objectReference: {fileID: 0}
    - target: {fileID: 3782432903653303537, guid: 5512e812edbdbfa4d9735e449bc3db1f, type: 3}
      propertyPath: m_Layer
      value: 8
      objectReference: {fileID: 0}
    - target: {fileID: 4436829760782469501, guid: 5512e812edbdbfa4d9735e449bc3db1f, type: 3}
      propertyPath: m_Layer
      value: 8
      objectReference: {fileID: 0}
    - target: {fileID: 4912564091836764533, guid: 5512e812edbdbfa4d9735e449bc3db1f, type: 3}
      propertyPath: m_Layer
      value: 8
      objectReference: {fileID: 0}
    - target: {fileID: 6167904293427101411, guid: 5512e812edbdbfa4d9735e449bc3db1f, type: 3}
      propertyPath: m_Layer
      value: 8
      objectReference: {fileID: 0}
    - target: {fileID: 6881932852953648046, guid: 5512e812edbdbfa4d9735e449bc3db1f, type: 3}
      propertyPath: m_Layer
      value: 8
      objectReference: {fileID: 0}
    - target: {fileID: 7007650227998529439, guid: 5512e812edbdbfa4d9735e449bc3db1f, type: 3}
      propertyPath: m_Layer
      value: 8
      objectReference: {fileID: 0}
    - target: {fileID: 7475259027989177923, guid: 5512e812edbdbfa4d9735e449bc3db1f, type: 3}
      propertyPath: m_Layer
      value: 8
      objectReference: {fileID: 0}
    - target: {fileID: 7757005261195954034, guid: 5512e812edbdbfa4d9735e449bc3db1f, type: 3}
      propertyPath: m_Materials.Array.data[0]
      value: 
      objectReference: {fileID: 2100000, guid: d3e356b4d1a18d441b8a4d2a01794bba, type: 2}
    - target: {fileID: 7957238264371128456, guid: 5512e812edbdbfa4d9735e449bc3db1f, type: 3}
      propertyPath: m_Layer
      value: 8
      objectReference: {fileID: 0}
    - target: {fileID: 8219362072142390352, guid: 5512e812edbdbfa4d9735e449bc3db1f, type: 3}
      propertyPath: m_Layer
      value: 8
      objectReference: {fileID: 0}
    - target: {fileID: 8742008233500340892, guid: 5512e812edbdbfa4d9735e449bc3db1f, type: 3}
      propertyPath: m_Layer
      value: 8
      objectReference: {fileID: 0}
    m_RemovedComponents: []
  m_SourcePrefab: {fileID: 100100000, guid: 5512e812edbdbfa4d9735e449bc3db1f, type: 3}
--- !u!4 &4939860578546263156 stripped
Transform:
  m_CorrespondingSourceObject: {fileID: -3220319501169496967, guid: 5512e812edbdbfa4d9735e449bc3db1f, type: 3}
  m_PrefabInstance: {fileID: 1712152359237568525}
  m_PrefabAsset: {fileID: 0}
--- !u!4 &5960652307399598871 stripped
Transform:
  m_CorrespondingSourceObject: {fileID: -4216859302048453862, guid: 5512e812edbdbfa4d9735e449bc3db1f, type: 3}
  m_PrefabInstance: {fileID: 1712152359237568525}
  m_PrefabAsset: {fileID: 0}
--- !u!1 &7269694260045975812 stripped
GameObject:
  m_CorrespondingSourceObject: {fileID: -927199367670048503, guid: 5512e812edbdbfa4d9735e449bc3db1f, type: 3}
  m_PrefabInstance: {fileID: 1712152359237568525}
  m_PrefabAsset: {fileID: 0}
--- !u!95 &8057295139655215879
Animator:
  serializedVersion: 4
  m_ObjectHideFlags: 0
  m_CorrespondingSourceObject: {fileID: 0}
  m_PrefabInstance: {fileID: 0}
  m_PrefabAsset: {fileID: 0}
  m_GameObject: {fileID: 7269694260045975812}
  m_Enabled: 1
  m_Avatar: {fileID: 9000000, guid: 5512e812edbdbfa4d9735e449bc3db1f, type: 3}
  m_Controller: {fileID: 22100000, guid: 039dfdfe15bef9c41b980c26475ecfe5, type: 2}
  m_CullingMode: 0
  m_UpdateMode: 0
  m_ApplyRootMotion: 0
  m_LinearVelocityBlending: 0
  m_StabilizeFeet: 0
  m_WarningMessage: 
  m_HasTransformHierarchy: 1
  m_AllowConstantClipSamplingOptimization: 1
  m_KeepAnimatorControllerStateOnDisable: 0
--- !u!1001 &8109785291256532100
PrefabInstance:
  m_ObjectHideFlags: 0
  serializedVersion: 2
  m_Modification:
    m_TransformParent: {fileID: 3900042163149813639}
    m_Modifications:
    - target: {fileID: 6894373914595462431, guid: b7214a29259f8824cb5391cd2b280a91, type: 3}
      propertyPath: m_Name
      value: IndianWeapon
      objectReference: {fileID: 0}
    - target: {fileID: 7635542370678243084, guid: b7214a29259f8824cb5391cd2b280a91, type: 3}
      propertyPath: m_RootOrder
      value: 1
      objectReference: {fileID: 0}
    - target: {fileID: 7635542370678243084, guid: b7214a29259f8824cb5391cd2b280a91, type: 3}
      propertyPath: m_LocalPosition.x
      value: 0
      objectReference: {fileID: 0}
    - target: {fileID: 7635542370678243084, guid: b7214a29259f8824cb5391cd2b280a91, type: 3}
      propertyPath: m_LocalPosition.y
      value: 0
      objectReference: {fileID: 0}
    - target: {fileID: 7635542370678243084, guid: b7214a29259f8824cb5391cd2b280a91, type: 3}
      propertyPath: m_LocalPosition.z
      value: 0
      objectReference: {fileID: 0}
    - target: {fileID: 7635542370678243084, guid: b7214a29259f8824cb5391cd2b280a91, type: 3}
      propertyPath: m_LocalRotation.w
      value: 1
      objectReference: {fileID: 0}
    - target: {fileID: 7635542370678243084, guid: b7214a29259f8824cb5391cd2b280a91, type: 3}
      propertyPath: m_LocalRotation.x
      value: 0
      objectReference: {fileID: 0}
    - target: {fileID: 7635542370678243084, guid: b7214a29259f8824cb5391cd2b280a91, type: 3}
      propertyPath: m_LocalRotation.y
      value: 0
      objectReference: {fileID: 0}
    - target: {fileID: 7635542370678243084, guid: b7214a29259f8824cb5391cd2b280a91, type: 3}
      propertyPath: m_LocalRotation.z
      value: 0
      objectReference: {fileID: 0}
    - target: {fileID: 7635542370678243084, guid: b7214a29259f8824cb5391cd2b280a91, type: 3}
      propertyPath: m_LocalEulerAnglesHint.x
      value: 0
      objectReference: {fileID: 0}
    - target: {fileID: 7635542370678243084, guid: b7214a29259f8824cb5391cd2b280a91, type: 3}
      propertyPath: m_LocalEulerAnglesHint.y
      value: 0
      objectReference: {fileID: 0}
    - target: {fileID: 7635542370678243084, guid: b7214a29259f8824cb5391cd2b280a91, type: 3}
      propertyPath: m_LocalEulerAnglesHint.z
      value: 0
      objectReference: {fileID: 0}
    m_RemovedComponents: []
  m_SourcePrefab: {fileID: 100100000, guid: b7214a29259f8824cb5391cd2b280a91, type: 3}
--- !u!114 &429245559141747009 stripped
MonoBehaviour:
  m_CorrespondingSourceObject: {fileID: 8466558729671034309, guid: b7214a29259f8824cb5391cd2b280a91, type: 3}
  m_PrefabInstance: {fileID: 8109785291256532100}
  m_PrefabAsset: {fileID: 0}
  m_GameObject: {fileID: 0}
  m_Enabled: 1
  m_EditorHideFlags: 0
  m_Script: {fileID: 11500000, guid: f2450383c78e4f9fa453d2d1004ffb55, type: 3}
  m_Name: 
  m_EditorClassIdentifier: 
--- !u!4 &1836724920922469256 stripped
Transform:
  m_CorrespondingSourceObject: {fileID: 7635542370678243084, guid: b7214a29259f8824cb5391cd2b280a91, type: 3}
  m_PrefabInstance: {fileID: 8109785291256532100}
  m_PrefabAsset: {fileID: 0}
